[Event "Titled Tuesday Blitz August 22 Late 2023"]
[White "Durarbayli, Vasif"]
[Black "Erzhanov, Arman"]
[WhiteFideId "13402935"]
[BlackFideId "4138821"]
[WhiteElo "2850"]
[BlackElo "2608"]
[Result "1-0"]
[Round "10"]
[TimeControl "180+1"]
[Date "2023.08.22"]
[WhiteClock "0:00:27"]
[BlackClock "0:00:06"]
[Board "36"]

1. e4 d6 2. d4 Nf6 3. Nc3 c6 4. Nf3 Bg4 5. Be3 e6 6. Qd2 d5 7. e5 Nfd7 8. Ng1 c5 9. h3 Bf5 10. f4 cxd4 11. Bxd4 Nc6 12. Nf3 Bb4 13. O-O-O Rc8 14. Bf2 Qa5 15. Kb1 Nc5 16. g4 Ne4 17. Nxe4 Bxd2 18. Nd6+ Kd7 19. Rxd2 Bg6 20. Nxb7 Qb4 21. Nc5+ Ke7 22. f5 exf5 23. Nd3 Qa5 24. Bc5+ Ke8 25. b4 Rb8 26. c3 fxg4 27. Ka1 Qa3 28. Nfe1 Qxc3+ 29. Rb2 Nxb4 30. Rh2 Kd7 31. Bxb4 Rxb4 32. Rc2 Qd4 33. Nxb4 Bxc2 34. Nexc2 Qxe5 35. hxg4 Rb8 36. Ba6 Rb6 37. a3 h5 38. gxh5 Qxh5 39. Ka2 Qf3 40. Nd4 Qe4 41. Nb3 g5 42. Nc5+ Ke7 43. Nxe4 dxe4 44. Nd5+ Kd6 45. Nxb6 axb6 46. Rxb6+ Ke5 47. Kb2 f5 48. Kc2 f4 49. Rb5+ Kf6 50. Kd2 g4 51. Bc8 g3 52. Rf5+ Ke7 53. Rxf4 Kd6 54. Rg4 Kc7 55. Rxg3 Kxc8 56. Ke3 Kb7 57. Rg6 1-0


[Site "https://www.chess.com"]

[Event "Titled Tuesday Blitz August 22 Late 2023"]
[White "Bartel, Mateusz"]
[Black "Roebers, Eline"]
[WhiteFideId "1112635"]
[BlackFideId "1058401"]
[WhiteElo "2825"]
[BlackElo "2586"]
[Result "1-0"]
[Round "10"]
[TimeControl "180+1"]
[Date "2023.08.22"]
[WhiteClock "0:00:05"]
[BlackClock "0:00:04"]
[Board "37"]

1. Nf3 f5 2. e4 fxe4 3. Ng5 Nf6 4. d3 e3 5. Bxe3 e5 6. d4 exd4 7. Qxd4 Nc6 8. Qh4 Qe7 9. Nc3 d6 10. Bc4 Ne5 11. Bb3 Bf5 12. O-O-O Nfg4 13. Rhe1 Nxe3 14. Rxe3 O-O-O 15. Nd5 Qd7 16. Rc3 c6 17. Ne3 Kb8 18. Qd4 Be7 19. Nxf5 Bxg5+ 20. Ne3 Rhf8 21. Kb1 Rf4 22. Qd2 Qe7 23. Qe1 Rdf8 24. f3 R4f6 25. Nc4 Rh6 26. Nxe5 dxe5 27. h3 Bh4 28. Qe2 Rg6 29. Rcd3 Qg5 30. Rd7 Qf4 31. a3 Re8 32. Qd3 e4 33. fxe4 Qxe4 34. Qxe4 Rxe4 35. g4 Bg3 36. Rd8+ Kc7 37. R1d7+ Kb6 38. Rf8 Re1+ 39. Ka2 Bd6 40. Rff7 Kc5 41. Rxb7 Rf6 42. Rxf6 gxf6 43. Rxh7 Be5 44. Rh5 Rh1 45. c3 a5 46. Ba4 Rh2 47. Kb3 Kd5 48. g5 c5 49. gxf6 Ke6 50. Rxe5+ Kxe5 51. f7 Rf2 52. Be8 Rf6 53. Kc4 Kd6 54. Kb5 Ke7 55. Kxc5 Rf2 56. b4 axb4 57. cxb4 Rf3 58. a4 Rxh3 59. a5 Rf3 60. a6 Kd8 61. b5 Kc7 62. b6+ Kc8 63. Kd6 Rf6+ 64. Ke7 Rxb6 65. f8=Q Rxa6 66. Bd7+ Kb7 67. Qf3+ Ka7 68. Qe3+ Rb6 69. Kd8 Ka8 70. Qa3+ Kb8 71. Qg3+ Ka8 72. Qc7 Rb7 73. Qc6 Kb8 74. Qc8+ Ka7 75. Qc5+ Rb6 76. Bc6 Ka6 77. Qa3# 1-0


[Site "https://www.chess.com"]

[Event "Titled Tuesday Blitz August 22 Late 2023"]
[White "Santos Flores, Alberto"]
[Black "Dourerassou, Jonathan"]
[WhiteFideId "3601234"]
[BlackFideId "628050"]
[WhiteElo "2576"]
[BlackElo "2705"]
[Result "0-1"]
[Round "10"]
[TimeControl "180+1"]
[Date "2023.08.22"]
[WhiteClock "0:01:20"]
[BlackClock "0:01:58"]
[Board "38"]

1. e4 c5 2. Nf3 Nc6 3. Nc3 e6 4. d4 cxd4 5. Nxd4 Nf6 6. Ndb5 d6 7. Bf4 e5 8. Bg5 a6 9. Na3 b5 10. Bxf6 gxf6 11. Nd5 f5 12. c3 Bg7 13. exf5 Bxf5 14. Nc2 Be6 15. Nce3 O-O 16. Bd3 f5 17. O-O Ne7 18. Nxe7+ Qxe7 19. Bxf5 Kh8 20. Bxe6 Qxe6 21. Qd5 Qg6 22. a4 Rab8 23. axb5 Rxb5 24. Qd2 a5 25. Ra2 Bh6 26. Rfa1 d5 27. g3 Qe4 28. Rxa5 Rxa5 29. Rxa5 d4 30. cxd4 exd4 31. Qb4 Rxf2 32. Ra8+ Qxa8 33. Qxd4+ Bg7 0-1


[Site "https://www.chess.com"]

[Event "Titled Tuesday Blitz August 22 Late 2023"]
[White "Tologon tegin, Semetei"]
[Black "Grossboss19"]
[WhiteFideId "13800574"]
[WhiteElo "2615"]
[BlackElo "2547"]
[Result "1-0"]
[Round "10"]
[TimeControl "180+1"]
[Date "2023.08.22"]
[WhiteClock "0:01:40"]
[BlackClock "0:01:01"]
[Board "39"]

1. d4 Nf6 2. Nc3 d5 3. Bf4 e6 4. e3 Bb4 5. Ne2 Nbd7 6. a3 Ba5 7. b4 Bb6 8. Ng3 a5 9. b5 c5 10. bxc6 bxc6 11. Bd3 Ba6 12. O-O Bxd3 13. cxd3 Bc7 14. Bxc7 Qxc7 15. Qc2 O-O 16. Na4 Rfc8 17. Rfc1 Qd6 18. Nf1 e5 19. dxe5 Nxe5 20. h3 d4 21. Nb6 dxe3 22. Nxe3 Rab8 23. Nxc8 Rxc8 24. Nc4 Qd5 25. Nb6 Qe6 26. Nxc8 Qxc8 27. d4 Nf3+ 28. gxf3 Qxh3 29. Qxc6 h5 30. Qc8+ Qxc8 31. Rxc8+ 1-0


[Site "https://www.chess.com"]

[Event "Titled Tuesday Blitz August 22 Late 2023"]
[White "Ribeiro, Matheus Mendes Domingues"]
[Black "Gurevich, Dmitry"]
[WhiteFideId "324226923"]
[BlackFideId "2000407"]
[WhiteElo "2610"]
[BlackElo "2541"]
[Result "1-0"]
[Round "10"]
[TimeControl "180+1"]
[Date "2023.08.22"]
[WhiteClock "0:00:06"]
[BlackClock "0:00:00"]
[Board "40"]

1. c4 e6 2. Nf3 d5 3. e3 Nf6 4. Nc3 c5 5. cxd5 Nxd5 6. Nxd5 Qxd5 7. b3 Be7 8. Bb2 O-O 9. Bc4 Qd6 10. O-O Nc6 11. d4 cxd4 12. Nxd4 Nxd4 13. Qxd4 Qxd4 14. Bxd4 Bf6 15. Bxf6 gxf6 16. Rfd1 b6 17. Rd6 Bb7 18. Rad1 Rab8 19. f3 Ba8 20. Rd7 b5 21. Bd3 a6 22. Rc1 Rfd8 23. Rcc7 Rxd7 24. Rxd7 Rc8 25. Ra7 Bd5 26. e4 Bc6 27. Rxa6 Kg7 28. Kf2 Be8 29. Rb6 Rc1 30. Ke3 Ra1 31. Rb8 Bd7 32. Rb7 Bc6 33. Rc7 Be8 34. Kd4 Rxa2 35. Rc8 Bd7 36. Rc7 Be8 37. Kc5 Rd2 38. Bxb5 Bxb5 39. Kxb5 Rxg2 40. b4 Rxh2 41. Rc1 h5 42. Kc6 Rf2 43. Rc3 h4 44. b5 h3 45. b6 h2 46. Rc1 1-0


[Site "https://www.chess.com"]

[Event "Titled Tuesday Blitz August 22 Late 2023"]
[White "Sala, Giulia"]
[Black "Kim, Sergey"]
[WhiteFideId "2840451"]
[BlackFideId "13700570"]
[WhiteElo "2359"]
[BlackElo "2609"]
[Result "1-0"]
[Round "10"]
[TimeControl "180+1"]
[Date "2023.08.22"]
[WhiteClock "0:01:31"]
[BlackClock "0:00:09"]
[Board "41"]

1. d4 Nf6 2. c4 g6 3. Nc3 Bg7 4. e4 d6 5. Be2 O-O 6. Be3 e5 7. d5 a5 8. g4 Na6 9. g5 Ne8 10. h4 Nc5 11. h5 Bd7 12. Nf3 a4 13. Kd2 c6 14. Qg1 Nc7 15. Qh2 cxd5 16. hxg6 fxg6 17. Qxh7+ Kf7 18. Nh4 d4 19. Qxg6+ Kg8 20. Nf5 Bxf5 21. exf5 dxc3+ 22. Kc2 cxb2 23. Qh7+ Kf7 24. Bh5+ Ke7 25. Qxg7+ 1-0


[Site "https://www.chess.com"]

[Event "Titled Tuesday Blitz August 22 Late 2023"]
[White "Klukin, Kirill"]
[Black "Michalczak, Thomas"]
[WhiteFideId "24199273"]
[BlackFideId "4622634"]
[WhiteElo "2801"]
[BlackElo "2505"]
[Result "1-0"]
[Round "10"]
[TimeControl "180+1"]
[Date "2023.08.22"]
[WhiteClock "0:00:32"]
[BlackClock "0:01:13"]
[Board "42"]

1. f4 d5 2. Nf3 Nf6 3. g3 g6 4. Bg2 Bg7 5. O-O O-O 6. d3 b6 7. Nc3 Bb7 8. e4 dxe4 9. Ng5 Nbd7 10. Ngxe4 Nxe4 11. dxe4 Qc8 12. Be3 Bxc3 13. bxc3 Nf6 14. e5 Bxg2 15. Kxg2 Rd8 16. Qf3 Nd5 17. Bf2 Qf5 18. Rad1 e6 19. Rd3 h5 20. Rfd1 b5 21. Bc5 a6 22. R1d2 Rd7 23. Rd4 Rad8 24. h3 g5 25. Qxh5 gxf4 26. Qxf5 exf5 27. gxf4 Nxf4+ 28. Kf3 Rxd4 29. cxd4 Nxh3 30. Rg2+ 1-0


[Site "https://www.chess.com"]

[Event "Titled Tuesday Blitz August 22 Late 2023"]
[White "Schnaider, Ilan"]
[Black "Swicarz, Maciej"]
[WhiteFideId "169013"]
[BlackFideId "1113585"]
[WhiteElo "2685"]
[BlackElo "2516"]
[Result "1/2-1/2"]
[Round "10"]
[TimeControl "180+1"]
[Date "2023.08.22"]
[WhiteClock "0:00:05"]
[BlackClock "0:00:07"]
[Board "43"]

1. e4 c5 2. Nf3 d6 3. Bb5+ Nd7 4. a4 Nf6 5. Nc3 a6 6. Be2 g6 7. O-O Bg7 8. d4 cxd4 9. Qxd4 O-O 10. a5 Nc5 11. Qe3 Bd7 12. Qf4 Bc6 13. e5 Ne6 14. Qh4 Nd5 15. Ne4 dxe5 16. Bh6 Ndf4 17. Bd3 Nxd3 18. cxd3 Qxd3 19. Neg5 Bxf3 20. Bxg7 Nxg5 21. Bxf8 Bxg2 22. Qxg5 Bxf1 23. Bxe7 Bh3 24. Re1 Qf3 25. Bf6 h6 26. Qg3 Qxf6 27. Qxh3 Kg7 28. Rd1 Re8 29. Qe3 e4 30. b3 Qg5+ 31. Qxg5 hxg5 32. Rd7 Re5 33. Rxb7 Rxa5 34. Re7 Rb5 35. Rxe4 Rxb3 36. Re5 Kf6 37. Rc5 Rb6 38. Kg2 Re6 39. Kg3 Rd6 40. Kg4 Rd4+ 41. Kg3 Ra4 42. Rc6+ Kg7 43. Rc5 g4 44. Rc6 a5 45. Ra6 f5 46. Kh4 Kh6 47. Ra8 Rf4 48. Rh8+ Kg7 49. Ra8 Rxf2 50. Kg5 Rxh2 51. Ra7+ Kf8 52. Kxg6 f4 53. Kf6 Rh6+ 54. Kg5 Rb6 55. Kxg4 Rf6 56. Rxa5 f3 57. Ra1 f2 58. Rf1 Ke7 59. Kg3 Ke6 60. Rxf2 Rxf2 61. Kxf2 1/2-1/2


[Site "https://www.chess.com"]

[Event "Titled Tuesday Blitz August 22 Late 2023"]
[White "Janaszak, Dawid"]
[Black "Mamedov, Edgar"]
[WhiteFideId "1119206"]
[BlackFideId "13739980"]
[WhiteElo "2516"]
[BlackElo "2672"]
[Result "0-1"]
[Round "10"]
[TimeControl "180+1"]
[Date "2023.08.22"]
[WhiteClock "0:00:00"]
[BlackClock "0:01:04"]
[Board "44"]

1. d4 d5 2. Bf4 e6 3. Nf3 Bd6 4. Bg3 Nf6 5. Nbd2 O-O 6. e3 b6 7. Ne5 c5 8. c3 Ba6 9. Bxa6 Nxa6 10. Qa4 Qc8 11. O-O Nc7 12. b4 cxb4 13. cxb4 b5 14. Qa5 Qb7 15. Rfc1 Rfc8 16. Nb3 Na6 17. Nc5 Nxc5 18. bxc5 Bxe5 19. Bxe5 Nd7 20. Rab1 Nxe5 21. dxe5 Rab8 22. f4 b4 23. Rb2 Qb5 24. Qxa7 Ra8 25. Qe7 Qd3 26. Re1 d4 27. Rxb4 Qd2 28. Reb1 Rxa2 29. Qg5 h6 30. Qg3 dxe3 31. h3 e2 32. Rc4 Rc2 33. Rxc2 Qxc2 34. Re1 Rd8 35. Qf2 Rd1 36. Kh2 Rxe1 37. Qxe1 Qd1 0-1


[Site "https://www.chess.com"]

[Event "Titled Tuesday Blitz August 22 Late 2023"]
[White "Cuenca Jimenez, Jose Fernando"]
[Black "only_strong_moves"]
[WhiteFideId "2255570"]
[WhiteElo "2671"]
[BlackElo "2515"]
[Result "1-0"]
[Round "10"]
[TimeControl "180+1"]
[Date "2023.08.22"]
[WhiteClock "0:00:09"]
[BlackClock "0:00:00"]
[Board "45"]

1. c4 e6 2. Nf3 Nf6 3. g3 d5 4. b3 d4 5. Bb2 c5 6. e3 Nc6 7. exd4 cxd4 8. Bg2 e5 9. O-O Bd6 10. b4 Nxb4 11. d3 Nc6 12. Nbd2 O-O 13. Re1 Bf5 14. Bf1 Re8 15. Ng5 Bb4 16. a3 Ba5 17. Qc2 Rc8 18. Re2 b5 19. cxb5 Nb4 20. Qb3 Nxd3 21. Nxf7 Qd5 22. Qxd5 Nxd5 23. Nd6 Nxb2 24. Nxf5 Nc3 25. Ne4 Nxe2+ 26. Bxe2 d3 27. Bg4 d2 28. Nxd2 Bxd2 29. Ne7+ Rxe7 30. Bxc8 Rc7 31. Be6+ Kf8 32. a4 Ke7 33. Bf5 g6 34. Bg4 Rc4 35. a5 Rxg4 36. b6 axb6 37. a6 Rd4 38. a7 Rd8 39. a8=Q Rxa8 40. Rxa8 Bb4 41. Ra7+ Ke6 42. Rxh7 Bc5 43. Kf1 Nd3 44. f3 b5 45. Ke2 Nc1+ 46. Kd1 Nd3 47. Kd2 Nb4 48. Rb7 Nd5 49. Rxb5 Bg1 50. h3 Bh2 51. g4 Nf4 52. Rb6+ Kf7 53. h4 Bg3 54. h5 gxh5 55. gxh5 Nxh5 56. Ke3 Nf6 57. Rb7+ Ke6 58. Ke2 Kf5 59. Rb6 Bf4 60. Rb5 Nd5 61. Rxd5 Ke6 62. Rb5 Kf5 63. Kd3 Ke6 64. Ke4 Bg3 65. Rb6+ Ke7 66. Kf5 Bf4 67. Re6+ Kf7 68. Ra6 Ke7 69. Re6+ Kf7 70. Rxe5 Bxe5 71. Kxe5 Ke7 72. f4 Kf7 73. Kf5 Ke7 74. Kg6 Kf8 75. Kf6 Ke8 76. Kg7 Ke7 77. f5 Kd6 78. f6 Ke5 79. f7 Kd5 80. f8=Q 1-0


[Site "https://www.chess.com"]

[Event "Titled Tuesday Blitz August 22 Late 2023"]
[White "Annaberdiyev, Meylis"]
[Black "Mickiewicz, Piotr"]
[WhiteFideId "14000563"]
[BlackFideId "1114891"]
[WhiteElo "2659"]
[BlackElo "2513"]
[Result "0-1"]
[Round "10"]
[TimeControl "180+1"]
[Date "2023.08.22"]
[WhiteClock "0:00:13"]
[BlackClock "0:00:07"]
[Board "46"]

1. e4 c6 2. d4 d5 3. e5 Bf5 4. Nf3 e6 5. Be2 Nd7 6. c3 a6 7. O-O Ne7 8. Na3 Bg6 9. Nh4 Nf5 10. Nxg6 hxg6 11. Nc2 Qh4 12. h3 g5 13. Ne3 Be7 14. Bd3 g6 15. b4 a5 16. b5 c5 17. Ng4 cxd4 18. cxd4 Nxd4 19. Bb2 Nf5 20. b6 O-O 21. Rb1 Nc5 22. Ba3 Rfc8 23. Rb5 Nxd3 24. Qxd3 a4 25. Rbb1 Rc4 26. Rbc1 Rac8 27. Rxc4 Rxc4 28. Bxe7 Nxe7 29. Qa3 Nc8 30. Nf6+ Kg7 31. Ne8+ Kg8 32. Qb2 Qf4 33. Re1 Qd4 34. Nf6+ Kg7 35. Qb5 Nd6 36. Qd7 Ne4 37. Rxe4 dxe4 38. Qe8 Rc1+ 39. Kh2 Qxe5+ 40. g3 Qxf6 41. Kg2 Qf3+ 0-1


[Site "https://www.chess.com"]

[Event "Titled Tuesday Blitz August 22 Late 2023"]
[White "Hjartarson, Johann"]
[Black "Jaskolka, Tomasz"]
[WhiteFideId "2300044"]
[BlackFideId "1170791"]
[WhiteElo "2649"]
[BlackElo "2510"]
[Result "0-1"]
[Round "10"]
[TimeControl "180+1"]
[Date "2023.08.22"]
[WhiteClock "0:00:53"]
[BlackClock "0:00:34"]
[Board "47"]

1. c4 c6 2. Nc3 d5 3. d4 Nf6 4. Nf3 e6 5. g3 Nbd7 6. Bg2 Be7 7. O-O dxc4 8. a4 a5 9. e4 O-O 10. Qe2 Nb6 11. Rd1 Bb4 12. Ne5 Qe7 13. Bg5 h6 14. Bxf6 Qxf6 15. Nxc4 Nxc4 16. Qxc4 Bd7 17. e5 Qe7 18. Ne4 b5 19. Qe2 bxa4 20. h4 Rfd8 21. h5 Be8 22. f4 c5 23. dxc5 Bxc5+ 24. Kh2 Rab8 25. Qc4 Rxd1 26. Rxd1 Ba7 27. Rd2 Bb5 28. Qc1 Be3 29. Qc3 Bxd2 30. Qxd2 Bc6 31. Nd6 Bxg2 32. Kxg2 Qc7 33. Kh3 Qc6 34. Qxa5 Qh1+ 35. Kg4 Qd1+ 36. Kh3 Qxh5+ 0-1


[Site "https://www.chess.com"]

[Event "Titled Tuesday Blitz August 22 Late 2023"]
[White "Vafin, Ayrat"]
[Black "Almiron, Antonio"]
[WhiteFideId "4146530"]
[BlackFideId "3701166"]
[WhiteElo "2504"]
[BlackElo "2632"]
[Result "1-0"]
[Round "10"]
[TimeControl "180+1"]
[Date "2023.08.22"]
[WhiteClock "0:00:04"]
[BlackClock "0:00:18"]
[Board "48"]

1. Nf3 d5 2. g3 Nf6 3. Bg2 c5 4. O-O Nc6 5. d4 Bf5 6. dxc5 e6 7. Nd4 Bg6 8. Nxc6 bxc6 9. b4 Qb8 10. c3 a5 11. a3 h5 12. h4 Be7 13. Nd2 O-O 14. Nb3 Bd8 15. Nd4 Qb7 16. Bg5 e5 17. Bxf6 Bxf6 18. Nb3 Bd8 19. f4 exf4 20. Rxf4 Qe7 21. Nd4 Qe3+ 22. Kh2 Qxc3 23. Nxc6 Bc7 24. Rf3 Qb2 25. Ne7+ Kh7 26. Nxg6 fxg6 27. Rxf8 Rxf8 28. Rb1 Qxa3 29. Rb3 Qa4 30. Qxd5 axb4 31. Be4 Rf6 32. Qxh5+ Kg8 33. Bd5+ Kf8 34. Qh8+ Ke7 35. Qxg7+ Kd8 36. Qxf6+ Kc8 37. Qe6+ Kb8 38. Qg8+ Bd8 39. Qxd8+ 1-0


[Site "https://www.chess.com"]

[Event "Titled Tuesday Blitz August 22 Late 2023"]
[White "Ibadov, Dashgyn"]
[Black "Itkis, Boris"]
[WhiteFideId "24107514"]
[BlackFideId "1209167"]
[WhiteElo "2600"]
[BlackElo "2493"]
[Result "1-0"]
[Round "10"]
[TimeControl "180+1"]
[Date "2023.08.22"]
[WhiteClock "0:00:05"]
[BlackClock "0:00:08"]
[Board "49"]

1. e4 e6 2. d4 d5 3. Nc3 Bb4 4. e5 c5 5. a3 Bxc3+ 6. bxc3 Ne7 7. h4 Nbc6 8. h5 h6 9. Qg4 Rg8 10. Bd3 Nf5 11. Nf3 c4 12. Bxf5 exf5 13. Qg3 Qa5 14. O-O Qxc3 15. Bd2 Qxc2 16. Bxh6 Be6 17. Bxg7 f4 18. Qg5 Qf5 19. h6 Ne7 20. Qxf5 Bxf5 21. g4 Bd3 22. Rfe1 Kd7 23. e6+ fxe6 24. Ne5+ Kd6 25. Nxd3 cxd3 26. Rad1 Ng6 27. Rxd3 Rac8 28. Kg2 Rc7 29. Kf3 b6 30. g5 Rcc8 31. Be5+ Kd7 32. Kg4 Rcf8 33. h7 Nxe5+ 34. dxe5 Rg7 35. Rh1 Rh8 36. Rdh3 Ke7 37. Rh6 b5 38. g6 a5 39. Kg5 b4 40. axb4 axb4 41. Rb1 Rf8 42. h8=Q 1-0


[Site "https://www.chess.com"]

[Event "Titled Tuesday Blitz August 22 Late 2023"]
[White "Cheng, Xiao"]
[Black "Kozusek, Daniel"]
[WhiteFideId "2022915"]
[BlackFideId "349500"]
[WhiteElo "2489"]
[BlackElo "2595"]
[Result "0-1"]
[Round "10"]
[TimeControl "180+1"]
[Date "2023.08.22"]
[WhiteClock "0:00:57"]
[BlackClock "0:00:13"]
[Board "50"]

1. e4 c5 2. Nf3 e6 3. d4 cxd4 4. Nxd4 Nf6 5. Nc3 Nc6 6. a3 Be7 7. Be3 d5 8. exd5 Nxd5 9. Nxd5 Qxd5 10. Qd2 Nxd4 11. Bxd4 e5 12. Be3 Qxd2+ 13. Bxd2 Bd7 14. O-O-O Bc6 15. f3 O-O-O 16. Bc4 f6 17. Bb4 Bxb4 18. axb4 a6 19. b3 g5 20. Kb2 Kc7 21. Be6 h5 22. h4 Rxd1 23. Rxd1 gxh4 24. Bh3 Rd8 25. Re1 Rd2 26. Kc3 Rf2 27. Re3 Bd7 28. Kd3 Bxh3 29. gxh3 Rh2 30. f4 exf4 31. Rf3 Kd6 32. Ke4 Rxc2 33. Kxf4 Rg2 34. Kf5 Rg3 35. Rf4 Rxh3 36. Kxf6 Rxb3 37. Rxh4 Kc6 38. Ke5 Kb5 39. Rxh5 Rxb4 40. Kd5 Rb1 41. Rh2 a5 42. Kd4 Kb4 43. Kd3 b5 44. Kc2 Rg1 45. Rh4+ Ka3 46. Rh3+ Ka4 47. Kb2 b4 48. Rd3 Rg2+ 49. Kb1 b3 50. Rd5 Kb4 51. Rh5 a4 52. Rh8 Rg1+ 53. Kb2 a3# 0-1


[Site "https://www.chess.com"]

[Event "Titled Tuesday Blitz August 22 Late 2023"]
[White "Kirillov, Dmitry"]
[Black "Willy, Stephen"]
[WhiteFideId "34180572"]
[BlackFideId "30981468"]
[WhiteElo "2482"]
[BlackElo "2586"]
[Result "0-1"]
[Round "10"]
[TimeControl "180+1"]
[Date "2023.08.22"]
[WhiteClock "0:01:40"]
[BlackClock "0:00:07"]
[Board "51"]

1. d4 d5 2. Nf3 Nf6 3. Bg5 Ne4 4. Bf4 Bf5 5. e3 e6 6. Bd3 Bd6 7. Nbd2 Nd7 8. O-O h5 9. Qe2 a6 10. Be5 f6 11. Bxd6 cxd6 12. Nh4 g5 13. Nxf5 exf5 14. f3 Qe7 15. Nb3 h4 16. c3 Ng3 17. hxg3 hxg3 18. Bxf5 Rh2 19. Bh3 O-O-O 20. Nd2 Rh8 21. Rfe1 R8xh3 22. gxh3 Rxe2 23. Rxe2 f5 24. Rae1 Nf6 25. Nf1 Qh7 26. Kg2 f4 27. exf4 gxf4 28. Re6 Qf5 29. R1e2 Kd7 30. Re7+ Kc6 31. Rf7 Qg6 32. Rfe7 Qd3 33. a4 a5 34. Rd2 Qb1 35. Rde2 Qd1 36. R7e6 Ne4 37. R6xe4 dxe4 38. Rxe4 Qc2+ 39. Kh1 Qf2 0-1


[Site "https://www.chess.com"]

[Event "Titled Tuesday Blitz August 22 Late 2023"]
[White "Arencibia Monduy, Antonio"]
[Black "Auger_Pi"]
[WhiteFideId "3507939"]
[WhiteElo "2479"]
[BlackElo "2580"]
[Result "1-0"]
[Round "10"]
[TimeControl "180+1"]
[Date "2023.08.22"]
[WhiteClock "0:00:52"]
[BlackClock "0:00:57"]
[Board "52"]

1. e4 c5 2. Nf3 d6 3. c3 Nc6 4. Be2 g6 5. d4 cxd4 6. cxd4 e6 7. Nc3 Bg7 8. O-O Nge7 9. Be3 d5 10. e5 Nf5 11. Bg5 f6 12. exf6 Bxf6 13. Bxf6 Qxf6 14. Bb5 O-O 15. Bxc6 bxc6 16. Re1 Nh4 17. Re3 Bd7 18. Qd2 Nf5 19. Ree1 Rad8 20. Na4 Nd6 21. Nc5 Nc4 22. Qe2 Bc8 23. b3 Nd6 24. Ne5 Qf4 25. Nxc6 Rde8 26. Rad1 Nf5 27. Qd2 Qg4 28. h3 Qh4 29. Nxa7 Nd6 30. Nxc8 Rxc8 31. Rxe6 Rxc5 32. dxc5 Ne4 33. Qxd5 Qxf2+ 34. Kh1 Ng3+ 35. Kh2 Rf7 36. Re8+ Kg7 37. Qe5+ 1-0


[Site "https://www.chess.com"]

[Event "Titled Tuesday Blitz August 22 Late 2023"]
[White "Hajiyev, Kanan"]
[Black "Principe, Gerson"]
[WhiteFideId "13404148"]
[BlackFideId "3804550"]
[WhiteElo "2472"]
[BlackElo "2580"]
[Result "0-1"]
[Round "10"]
[TimeControl "180+1"]
[Date "2023.08.22"]
[WhiteClock "0:00:08"]
[BlackClock "0:00:13"]
[Board "53"]

1. d4 Nf6 2. Nf3 e6 3. c4 b6 4. g3 Bb7 5. Bg2 Be7 6. O-O O-O 7. Nc3 Ne4 8. Bd2 f5 9. Be1 Bf6 10. Rc1 a5 11. d5 Na6 12. Nd4 Nac5 13. Nxe4 fxe4 14. dxe6 dxe6 15. Bc3 Qe7 16. Qc2 Rad8 17. Rcd1 Qf7 18. b3 Qg6 19. Nb5 Qf7 20. Bd4 Bxd4 21. Rxd4 Rxd4 22. Nxd4 Rd8 23. Nb5 Qd7 24. Nc3 Qd2 25. Rc1 Qxc2 26. Rxc2 Kf7 27. Kf1 Kf6 28. e3 Ke5 29. Ke2 Bc6 30. Rd2 Nd3 31. Nxe4 Bxe4 32. f4+ Kf5 33. g4+ Kxg4 34. Bxe4 Nc1+ 35. Kd1 Rxd2+ 36. Kxd2 Nxa2 37. Bxh7 Nb4 38. Bg8 Kf5 39. Bh7+ Kf6 40. e4 e5 41. Ke3 Nc6 42. Bg8 Nd4 43. fxe5+ Kxe5 44. Bd5 Nxb3 45. Kd3 Nd4 46. Kc3 c6 47. Bg8 Kxe4 48. c5 b5 49. Bf7 Ke5 50. Be8 Kd5 51. Bf7+ Kxc5 52. Kd3 a4 53. h4 a3 54. Ke4 b4 55. Kf4 b3 56. Kg5 a2 57. Kg6 a1=Q 58. Kxg7 Qg1+ 59. Bg6 Qh2 60. h5 Ne6+ 61. Kf6 Nf4 62. Bf7 Nxh5+ 63. Kg5 Ng3 64. Bg6 Qd2+ 65. Kf6 Ne2 66. Bf5 Nd4 67. Bg6 Qf4+ 68. Kg7 Qe5+ 69. Kh6 b2 70. Kh7 Ne6 71. Bf7 Qg7# 0-1


[Site "https://www.chess.com"]

[Event "Titled Tuesday Blitz August 22 Late 2023"]
[White "Kochiev, Ivan"]
[Black "Colpe, Malte"]
[WhiteFideId "2917890"]
[BlackFideId "24623075"]
[WhiteElo "2580"]
[BlackElo "2470"]
[Result "0-1"]
[Round "10"]
[TimeControl "180+1"]
[Date "2023.08.22"]
[WhiteClock "0:00:16"]
[BlackClock "0:00:44"]
[Board "54"]

1. e4 c5 2. Nf3 d6 3. d4 cxd4 4. Nxd4 Nf6 5. f3 e5 6. Nb3 d5 7. Bg5 Be6 8. Bxf6 gxf6 9. exd5 Qxd5 10. Qxd5 Bxd5 11. Nc3 Be6 12. O-O-O Nc6 13. Ne4 Ke7 14. Bb5 Rc8 15. Nbc5 Nd4 16. Nxe6 fxe6 17. Bd3 f5 18. Nc3 Kf6 19. Rhf1 Rg8 20. g3 a6 21. Rde1 Bb4 22. Kd2 Rgd8 23. Re3 Nb5 24. Ke2 Bxc3 25. bxc3 Nxc3+ 26. Kf2 Nxa2 27. Rb1 b5 28. Ra1 Nb4 29. Re2 Rc6 30. Rae1 Rxd3 31. cxd3 Nxd3+ 32. Kg2 Nxe1+ 33. Rxe1 b4 0-1


[Site "https://www.chess.com"]

[Event "Titled Tuesday Blitz August 22 Late 2023"]
[White "Rosen, Eric"]
[Black "Pein, Jonathan"]
[WhiteFideId "2032562"]
[BlackFideId "417092"]
[WhiteElo "2577"]
[BlackElo "2466"]
[Result "1-0"]
[Round "10"]
[TimeControl "180+1"]
[Date "2023.08.22"]
[WhiteClock "0:00:08"]
[BlackClock "0:00:01"]
[Board "55"]

1. d4 d6 2. e4 Nf6 3. Nc3 e5 4. Nf3 exd4 5. Nxd4 g6 6. Bf4 Bg7 7. Qd2 Nc6 8. Bb5 Bd7 9. O-O-O O-O 10. Nde2 Re8 11. f3 a6 12. Bc4 b5 13. Bb3 Na5 14. Bh6 Bh8 15. h4 Nc4 16. Bxc4 bxc4 17. h5 Qb8 18. hxg6 fxg6 19. Bg5 Qb6 20. Qd4 Qxd4 21. Nxd4 Rab8 22. Rh4 Re5 23. f4 Ree8 24. f5 Bg7 25. Rdh1 c5 26. Nf3 gxf5 27. Bxf6 Bxf6 28. Rxh7 Bg7 29. Ng5 fxe4 30. Ngxe4 Bf5 31. Rxg7+ Kxg7 32. Nxd6 Kg6 33. Nxe8 Rxe8 34. Rd1 Rh8 35. a3 Rh2 36. Rd2 Rh1+ 37. Rd1 Rh2 38. Rg1 Kf6 39. Kd2 Ke5 40. Ke3 Bxc2 41. Ne2 Bd3 42. Nf4 Rh4 43. Nxd3+ cxd3 44. Kxd3 Rg4 45. Kc3 Kd5 46. Rd1+ Kc6 47. Rg1 Kd5 48. g3 c4 49. Rd1+ Kc5 50. Rg1 a5 51. Rg2 a4 52. Rg1 Rd4 53. g4 Rd3+ 54. Kc2 Rd6 55. g5 Rg6 56. Kc3 Kb5 57. Rg4 Rg7 58. g6 Rg8 59. g7 Kc5 60. Rg5+ Kd6 61. Kxc4 Ke6 62. Kb4 Kf6 63. Rg2 Ra8 64. g8=Q Ra5 65. Qf8+ Ke5 66. Re2+ Kd4 67. Qd8+ Rd5 68. Qh4+ Kd3 69. Qe4# 1-0


[Site "https://www.chess.com"]

[Event "Titled Tuesday Blitz August 22 Late 2023"]
[White "The_Straightforward_Rook"]
[Black "Przybylski, Wojciech"]
[BlackFideId "1117599"]
[WhiteElo "2466"]
[BlackElo "2573"]
[Result "0-1"]
[Round "10"]
[TimeControl "180+1"]
[Date "2023.08.22"]
[WhiteClock "0:00:21"]
[BlackClock "0:00:11"]
[Board "56"]

1. e4 c5 2. Nf3 d6 3. c3 f5 4. exf5 Bxf5 5. d4 cxd4 6. Bd3 Bxd3 7. Qxd3 Nf6 8. O-O e5 9. cxd4 e4 10. Qe2 d5 11. Ne5 Nc6 12. Nxc6 bxc6 13. f3 Be7 14. fxe4 dxe4 15. Rxf6 Bxf6 16. Qxe4+ Kf8 17. Be3 Qd5 18. Nc3 Qxe4 19. Nxe4 Re8 20. Nxf6 Rxe3 21. Nd7+ Ke7 22. Ne5 c5 23. Rc1 Rf8 24. Nf3 cxd4 25. Rc7+ Kd6 26. Rxa7 d3 27. Ra3 g5 28. Kf2 Re2+ 29. Kg3 Re3 30. Kf2 Rfe8 31. Nxg5 Re2+ 32. Kg3 R8e3+ 33. Nf3 Kc5 34. Kf4 Re4+ 35. Kf5 d2 36. Rd3 R4e3 37. Rxd2 Rxf3+ 38. gxf3 Rxd2 39. h4 Kd6 40. Kf6 Rf2 41. Kg7 Ke7 42. Kxh7 Rg2 43. h5 Kf7 44. h6 Rxb2 45. f4 Rxa2 46. f5 Ra6 47. f6 Rxf6 48. Kh8 Rxh6# 0-1


[Site "https://www.chess.com"]